cohdb
Replays
Latest Replays
All Replays
Popular Replays
Top Player Replays
Match Explorer
How It Works
Community
CoH3 Stats
Reddit
Sign in to upload your games and track your stats! →
Sign in with Steam
Match 43100695
Unlisted
Match 43100695
Overview
Messages
Build Orders
End
Construct Barracks
Construct Weapon Support Center
Scout Squad
M1919 Machine Gun Team
Bazooka Squad
M1919 Machine Gun Team
Infantry Support Center
M3 Armored Personnel Carrier
Selects Heavy Weapons
Selects Assault Carriers
Bazooka Squad
Advanced Logistics
M1919 Machine Gun Team
Engineer Squad
Selects M2HB .50cal Heavy Machine Gun
Construct Medical Station
Bazooka Squad
Selects Exchangeable Parts
Construct Motor Pool
Survival Training
M1 Anti-tank Gun Team
Selects Rapid Reposition
M1919 Machine Gun Team
M3 Assault Carrier
Selects Bolstered Team Weapons
Construct Barracks
M1 Mortar Team
.30 cal Machine Gun
Construct Tank Depot
M1 Mortar Team
M4A1 Sherman Medium Tank
Happy Se Hyeon
饴果子
UwU
TURBOMAN
Sir Bagge
Prinsieee
simranjitsingh713
Calm
0
0
Comments
sign in to comment!
No comments posted yet!